Map: 环轨星港

Players

Khazeo - Winner!

  • Race: Zerg Zerg
  • League: Gold

shengy

  • Race: Zerg Zerg
  • League: Platinum

VOD

Have the link to the VOD?

Description

Time

  • Played on: Dec. 25, 2015, 2:35 p.m.
  • Length: 12:05
Show
View Real Time Build Order
Export as new Build Order

Khazeo Zerg - Winner!

Build Orders: Pool First, Zergling Baneling 

Get SALT Encoding   

  12  0:01  Drone  
  13  0:12  Overlord  
  13  0:18  Drone  
  14  0:31  Drone x2  
  16  0:35  Drone  
  16  0:38  Extractor  
  16  0:45  Drone  
  17  0:52  Spawning Pool  
  16  1:00  Drone  
  17  1:14  Drone  
  18  1:20  Drone  
  19  1:28  Hatchery  
  18  1:41  Metabolic Boost  
  18  1:46  Queen  
  20  1:49  Zergling x2  
  20  1:53  Zergling x2  
  22  2:00  Overlord  
  21  2:19  Baneling Nest  
  21  2:21  Zergling x2  
  21  2:26  Zergling x2  
  22  2:35  Zergling x2  
  22  2:36  Zergling x2  
  24  2:46  Zergling x4  
  26  2:53  Zergling x2  
  26  2:54  Zergling x4  
  29  3:05  Zergling x2  
  29  3:06  Zergling x4  
  21  3:32  Zergling x8  
  23  3:43  Baneling  
  23  3:44  Zergling x2  
  23  3:46  Baneling  
  24  3:52  Baneling  
  24  3:53  Drone  
  25  3:57  Drone  
  25  4:02  Drone  
  27  4:05  Baneling  
  27  4:10  Drone  
  27  4:14  Drone  
  29  4:18  Drone  
  29  4:33  Baneling x3  
  20  4:48  Drone x5  
  20  4:49  Drone x2  
  27  4:57  Baneling x2  
  27  4:59  Zergling x2  
  27  5:07  Zergling x4  
  29  5:18  Baneling, Zergling x2  
  29  5:19  Zergling x8  
  34  5:26  Overlord  
  34  5:27  Drone  
  35  5:33  Drone  
  36  5:43  Queen  
  38  5:51  Drone x4  
  38  5:55  Overlord  
  33  6:04  Drone  
  33  6:05  Drone x3  
  37  6:17  Roach Warren  
  36  6:22  Baneling  
  36  6:27  Lair  
  36  6:30  Drone x2, Extractor  
  36  6:31  Extractor, Drone x3  
  37  6:59  Drone x6  
  37  7:01  Drone x2  
  45  7:03  Hatchery, Drone  
  45  7:09  Overlord  
  45  7:12  Overlord  
  45  7:18  Evolution Chamber  
  45  7:21  Roach  
  46  7:24  Roach  
  46  7:25  Roach  
  46  7:28  Glial Reconstitution  
  50  7:31  Roach  
  50  7:33  Overseer  
  50  7:36  Roach  
  54  7:40  Roach x2  
  58  7:44  Roach  
  58  7:45  Roach  
  62  7:52  Roach x3  
  62  7:58  Overlord  
  68  8:04  Zerg Missile Weapons Level 1  
  68  8:17  Drone  
  68  8:19  Drone x4  
  73  8:23  Extractor  
  72  8:30  Roach x4  
  80  8:36  Queen  
  80  8:38  Overlord x2  
  82  8:56  Roach  
  82  8:57  Roach x6  
  96  9:10  Drone  
  96  9:11  Drone  
  96  9:12  Overlord x2  
  96  9:14  Overlord  
  98  9:20  Overlord  
  98  9:35  Drone x8  
  106  9:52  Drone x3  
  105  9:53  Drone x6  
  105  9:57  Ravager x4  
  105  9:58  Ravager x2  
  117  10:04  Roach x4  
  125  10:13  Overlord  
  125  10:16  Roach x2  
  125  10:19  Overlord x2  
  114  10:40  Roach x5  
  114  10:41  Roach x4  
  130  10:47  Roach x5  
  130  10:48  Roach x3  
  142  10:55  Extractor  
  141  10:57  Extractor  
  141  11:03  Roach x4  
  148  11:04  Infestation Pit  
  148  11:11  Drone x3  
  150  11:13  Ravager  
  150  11:14  Ravager x3  
  154  11:20  Hatchery  
  148  11:29  Roach x3  
Show
View Real Time Build Order
Export as new Build Order

shengy Zerg 

Build Orders: Pool First, Zergling Baneling 

Get SALT Encoding   

  12  0:02  Drone  
  13  0:22  Spawning Pool  
  13  0:24  Extractor  
  13  0:28  Drone  
  12  0:33  Drone  
  13  0:42  Overlord  
  13  1:09  Zergling x6  
  16  1:15  Queen  
  18  1:20  Zergling x2  
  19  1:28  Metabolic Boost  
  19  1:34  Zergling x2  
  20  1:49  Overlord  
  20  1:58  Zergling x2  
  21  2:03  Baneling Nest  
  17  2:28  Zergling x10  
  22  2:46  Zergling x4  
  22  2:48  Baneling x4  
  20  3:26  Zergling x10  
  20  3:27  Zergling x2  
  20  3:38  Zergling x4  
  22  3:48  Zergling x2  
  23  4:03  Baneling x7  
  23  4:04  Baneling  
  23  4:10  Zergling x2  
  23  4:15  Zergling x2  
  16  4:46  Drone x5  
  16  4:49  Drone  
  21  4:58  Drone  
  21  5:10  Zergling x2  
  22  5:24  Zergling x6  
  25  5:36  Baneling x2  
  25  5:42  Hatchery  
  24  5:50  Zergling x6  
  24  5:53  Baneling x2  
  24  5:55  Drone  
  27  6:17  Baneling x2  
  27  6:18  Drone x3  
  29  6:31  Baneling  
  28  6:45  Drone  
  28  6:46  Overlord  
  28  6:47  Overlord  
  29  6:51  Extractor  
  29  6:52  Roach Warren, Drone  
  29  6:53  Queen  
  30  7:00  Drone  
  30  7:01  Drone  
  32  7:06  Drone  
  33  7:15  Drone x2  
  35  7:17  Drone x2  
  35  7:20  Drone  
  38  7:27  Lair  
  38  7:29  Drone  
  39  7:32  Drone  
  39  7:36  Drone x2  
  42  7:50  Extractor  
  41  7:54  Roach x5  
  51  8:04  Overlord x2  
  51  8:05  Overlord  
  49  8:28  Hatchery  
  49  8:30  Drone x4  
  49  8:31  Evolution Chamber  
  49  8:33  Evolution Chamber  
  50  8:36  Drone  
  50  8:37  Drone x2  
  50  8:39  Drone  
  54  8:53  Roach x4  
  62  8:59  Zerg Missile Weapons Level 1  
  62  9:05  Roach x3  
  62  9:07  Drone  
  69  9:12  Overseer  
  69  9:22  Overlord  
  69  9:23  Overlord  
  69  9:28  Drone x3  
  69  9:29  Drone x3  
  69  9:54  Roach  
  69  9:55  Roach x8  
  79  10:02  Ravager x4  
  79  10:03  Ravager x2  
  85  10:12  Overlord x2  
  85  10:19  Extractor  
  76  10:38  Roach x3  
  76  10:39  Roach x6  
  86  10:56  Overlord  
  87  10:57  Zergling x8  
  90  11:14  Roach x4  
  90  11:16  Ravager  
  84  11:29  Ravager  
  84  11:30  Ravager  
  83  11:33  Zergling x2  
  83  11:34  Zergling x12  
  83  11:35  Hatchery  
  89  11:48  Zergling x6  
Tags
 
Add a new tag
Caveats
  • Supply blocks, unpowered buildings, or Contaminate may cause inaccurate times.
  • Supply counts are checked every 10 seconds.